 Dungeon Crawl Stone Soup version 0.29.1-15-g9cfb28693d (webtiles) character file.

Game seed: 7947732329828755558

89225 protoss039 the Fighter (level 15, -2/110 (122) HPs)
             Began as a Demonspawn Earth Elementalist on Mar 24, 2023.
             Was a High Priest of Vehumet.
             Killed from afar by an eidolon (41 damage)
             ... with a bolt of negative energy
             ... on level 14 of the Dungeon.
             The game lasted 01:17:03 (30092 turns).

protoss039 the Fighter (DsEE)                      Turns: 30092, Time: 01:17:04

HP:   -2/110 (122)  AC: 20    Str:  8      XL:     15   Next: 48%
MP:   21/29         EV: 12    Int: 20 (21) God:    Vehumet [*****.]
Gold: 353           SH: 11    Dex: 14 (15) Spells: 6/34 levels left

rFire   + . .      SeeInvis .   S - +6 broad axe (venom)
rCold   + . .      Faith    .   O - +0 kite shield
rNeg    . . .      Spirit   .   l - +3 leather armour {Will+}
rPois   .          Reflect  .   q - +1 helmet
rElec   .          Harm     .   Q - +2 cloak of Mental Paralysis {Drain rF+ Regen+}
rCorr   +          Rampage  .   g - +0 pair of gloves
Will    ++...                   E - +2 pair of boots
Stlth   +++.......              m - amulet of magic regeneration
HPRegen 1.08/turn               a - ring of wizardry
MPRegen 0.61/turn               T - ring of the Hart {+Blink rC+ rCorr Int-2}

@: about to teleport, slowed, drained, very slow
A: claws 2, rugged brown scales 2, ignite blood 1, powered by death 2
a: Renounce Religion, Evoke Blink


You were on level 14 of the Dungeon.
You worshipped Vehumet.
Vehumet was extremely pleased with you.
You visited 4 branches of the dungeon, and saw 22 of its levels.
You also visited: Ossuary.

You collected 2300 gold pieces.
You spent 1947 gold pieces at shops.

Inventory:

Hand Weapons
 u - the +5 whip "Dragonslayer" {vorpal, rC+}
   (You found it on level 3 of the Dungeon)

   It inflicts extra damage upon your enemies.
   rC:        It protects you from cold.
 N - the +7 spear of the Final Places {freeze, Drain Will+ Int+9 Stlth+}
   (You bought it in a shop on level 2 of the Orcish Mines)

   It freezes those it strikes, dealing additional cold damage.
   It can also slow down cold-blooded creatures.
   Int:       It affects your intelligence (+9).
   Drain:     It drains your maximum health when unequipped.
   Will:      It increases your willpower.
   Stlth:     It makes you more stealthy.
 S - a +6 broad axe of venom (weapon)
Missiles
 U - a throwing net
Armour
 g - a +0 pair of gloves (worn)
 l - a +3 leather armour of willpower (worn)
 q - a +1 helmet (worn)
 E - a +2 pair of boots (worn)
 O - a +0 kite shield (worn)
 Q - the +2 cloak of Mental Paralysis (worn) {Drain rF+ Regen+}
   (You found it on level 5 of the Lair of Beasts)

   rF:        It protects you from fire.
   Regen:     It increases your rate of health regeneration.
   Drain:     It drains your maximum health when unequipped.
Jewellery
 a - a ring of wizardry (left hand)
 m - an amulet of magic regeneration (around neck)
 F - a ring of protection from fire
 J - a ring of ice
 K - a ring of poison resistance
 R - a ring of protection from fire
 T - the ring of the Hart (right hand) {+Blink rC+ rCorr Int-2}
   (You found it on level 7 of the Dungeon)

   [ring of resist corrosion]

   Int:       It affects your intelligence (-2).
   rC:        It protects you from cold.
   +Blink:    It lets you blink.
   rCorr:     It protects you from acid and corrosion.
Wands
 i - a wand of flame (10)
 k - a wand of mindburst (1)
 o - a wand of roots (30)
 C - a wand of light (9)
 L - a wand of paralysis (37)
 X - a wand of polymorph (17)
Scrolls
 e - 5 scrolls of fog
 p - 3 scrolls of torment
 r - a scroll of identify
 t - 8 scrolls of teleportation
 v - a scroll of enchant armour
 w - 2 scrolls of magic mapping {unknown}
 x - 3 scrolls of immolation
 B - 3 scrolls of amnesia
 H - 2 scrolls of silence {unknown}
 P - 4 scrolls of blinking {unknown}
 V - 2 scrolls of fear
 Y - 2 scrolls of acquirement {unknown}
 Z - 2 scrolls of brand weapon
Potions
 b - 3 potions of magic
 c - 2 potions of invisibility {unknown}
 d - 2 potions of berserk rage {unknown}
 f - 4 potions of flight
 h - 8 potions of curing
 j - 8 potions of brilliance
 s - 3 potions of heal wounds {unknown}
 z - 5 potions of haste
 A - 3 potions of mutation {unknown}
 G - 3 potions of lignification {unknown}
 I - a potion of ambrosia {unknown}
 M - a potion of cancellation {unknown}
 W - 3 potions of might
Miscellaneous
 D - a phial of floods


   Skills:
 * Level 10.6 Fighting
 - Level 3.0 Throwing
 + Level 10.1 Armour
 - Level 6.0 Dodging
 + Level 5.6 Stealth
 + Level 9.4 Shields
 * Level 10.1 Spellcasting
 + Level 9.3 Conjurations
 * Level 2.2 Necromancy
 + Level 4.8 Translocations
 - Level 4.0 Transmutations
 - Level 3.0 Ice Magic
 - Level 3.0 Air Magic
 + Level 9.5 Earth Magic
 * Level 1.8 Poison Magic
 + Level 4.8 Evocations


You had 6 spell levels left.
You knew the following spells:

 Your Spells              Type           Power      Damage    Failure   Level
a - Sandblast             Erth           96%        2d20      1%          1
b - Passwall              Tmut/Erth      30%        N/A       1%          2
c - Stone Arrow           Conj/Erth      94%        3d12      1%          3
d - Iskenderun's Mystic   Conj/Tloc      38%        2d9       1%          4
e - Lightning Bolt        Conj/Air       17%        1d31      5%          5
g - Mephitic Cloud        Conj/Pois/Air  28%        N/A       1%          3
h - Freezing Cloud        Conj/Ice/Air   15%        6-21      9%          5
i - Borgnjor's Vile Clut  Necr/Erth      16%        N/A       21%         5

Your spell library contained the following spells:

 Spells                   Type           Power      Damage    Failure   Level
 Magic Dart               Conj           100%       1d8       1%          1
 Petrify                  Tmut/Erth      37%        N/A       5%          4
 Slow                     Hex            40%        N/A       9%          1
 Vampiric Draining        Necr           18%        2d7       11%         3
 Call Imp                 Summ           10%        N/A       13%         2
 Confusing Touch          Hex            10%        N/A       26%         3
 Animate Dead             Necr           18%        N/A       32%         4
 Alistair's Intoxication  Tmut/Pois      14%        N/A       54%         5
 Eringya's Noxious Bog    Tmut/Pois      10%        N/A       63%         6
 Ozocubu's Refrigeration  Ice            11%        4d9       98%         7
 Haunt                    Necr/Summ      7%         N/A       100%        7
 Infestation              Necr           9%         N/A       100%        8


Dungeon Overview and Level Annotations

Branches:
Dungeon (14/15) Zot: 26454  Temple (1/1) D:7 Zot: 5960    Lair (5/5) D:9 Zot: 19382
 Shoals (0/4) Lair:3       Spider (0/4) Lair:3        Slime (0/5) Lair:4
    Orc (2/2) D:10 Zot: 10214     Elf (0/3) Orc:2        Vaults (0/5) D:13
Ossuary (visited)

Altars:
Ashenzari
Cheibriados
Dithmenos
Fedhas
Gozag
Hepliaklqana
Kikubaaqudgha
Makhleb
Nemelex Xobeh
Okawaru
Qazlal
Ru
Sif Muna
Trog
Uskayaw
Vehumet
Wu Jian
Xom
Yredelemnul
Jiyva

Shops:
D:14 *   Orc:2 [(:([:(

Annotations:
D:5 1 exclusion
D:12 3 runed translucent doors, MrClown's ghost, journeyman DsNe


Innate Abilities, Weirdness & Mutations

You have very sharp fingernails.
You are mostly covered in rugged brown scales. (AC +2, +5% HP)
Your demonic aura sometimes causes spilled blood to erupt in flames.
You regenerate health from kills.


Message History

The centaur warrior zombie hits you but does no damage.
You block the centaur warrior zombie's attack.
The eidolon is engulfed in freezing vapours.
You block the eidolon's attack.
The eidolon hits you but does no damage.
Unknown command.
Unknown command.
You feel better.
The meliai zombie is engulfed in freezing vapours.
The centaur warrior zombie is engulfed in freezing vapours.
The centaur warrior zombie barely misses you. x2
The meliai zombie is engulfed in freezing vapours.
The eidolon is engulfed in freezing vapours.
The eidolon hits you. The eidolon drains your vigour!
You feel as though you will be slow longer.
The eidolon hits you.
You feel dopey.
The boulder beetle is engulfed in freezing vapours.
The boulder beetle leaps!
The centaur warrior zombie is engulfed in freezing vapours.
The centaur warrior zombie hits you but does no damage.
You block the centaur warrior zombie's attack.
The meliai zombie is engulfed in freezing vapours.
The eidolon is engulfed in freezing vapours.
You block the eidolon's attack. The eidolon hits you.
You feel clumsy.
Unknown command.
Unknown command.
As you read the scroll of teleportation, it crumbles to dust.
You feel strangely unstable.
The meliai zombie is engulfed in freezing vapours.
The centaur warrior zombie is engulfed in freezing vapours.
You block the centaur warrior zombie's attack. x2
An eidolon comes into view.
The centaur warrior zombie hits you but does no damage.
The centaur warrior zombie kicks you but does no damage.
The eidolon is engulfed in freezing vapours.
The eidolon stares piercingly at you. The bolt of negative energy hits you!!!
You feel drained.
You die...

...............#
####..........<#
#..########## #..# #..# #..#
#..# .# #..# ######W.#
####..##########@WZ○°.$#
..............B..Z§§☼..# ..
.................##########..
###........................#
#.........................#
#.........................#
#..############...........#
#(.#..........#...........#
##.#.########.#...........#


You could see a boulder beetle, 2 eidola, a centaur warrior zombie and a meliai
zombie.

Vanquished Creatures
  Josephine (Lair:4)
  A fire dragon (Lair:5)
  4 hydras
  13 two-headed ogres
  2 centaur warriors
  2 catoblepae
  A death knight (D:14)
  2 ogre magi (Orc:2)
  Erica (Lair:1)
  3 tengu warriors
  15 death yaks
  2 deep trolls (Orc:2)
  A lindwurm (Lair:5)
  4 deep elf zephyrmancers (D:12)
  6 orc knights (Orc:1)
  6 deep elf pyromancers
  An ugly thing (D:11)
  An orc sorcerer (Orc:2)
  5 cyclopes
  A manticore (D:14)
  A faun (shapeshifter) (D:13)
  13 elephants
  2 centaur skeletons (D:14)
  3 molten gargoyles (Lair:5)
  2 gargoyles (D:10)
  7 black mambas
  11 cane toads
  3 rime drakes (Lair:3)
  14 komodo dragons
  A tengu conjurer (D:13)
  13 trolls
  A burning bush (Lair:2)
  3 polar bears
  23 blink frogs
  A slime creature (D:7)
  A raiju (shapeshifter) (D:14)
  A snapping turtle (Lair:3)
  A flying skull (D:14)
  A vampire (D:14)
  10 wraiths
  A water elemental (D:12)
  7 wyverns
  7 basilisks
  39 yaks
  2 vampire mosquitoes (D:14)
  2 steam dragons
  Edmund (D:6)
  A swamp worm (shapeshifter) (D:13)
  11 water moccasins
  5 hell hounds (Lair:5)
  A floating eye (shapeshifter) (D:13)
  5 acid dragons
  28 orc warriors
  5 ice beasts (D:7)
  3 black bears
  4 sky beasts
  25 ogres
  4 boggarts (Lair:5)
  18 wolves
  9 centaurs
  A phantom (D:7)
  2 necrophages (D:7)
  9 bullfrogs
  A gnoll sergeant (D:7)
  2 wyvern zombies (Ossuary)
  6 scorpions
  5 water moccasin zombies (Ossuary)
  13 wights
  11 killer bees
  6 electric eels
  5 lava snakes (Lair:5)
  5 howler monkeys
  9 bullfrog zombies (Ossuary)
  4 centaur zombies
  5 hounds
  8 orc priests
  4 jellies
  Crazy Yiuf (D:7)
  2 gnoll boudas
  9 iguanas
  Terence (D:2)
  14 orc wizards
  A statue (D:9)
  3 killer bee zombies (Ossuary)
  10 mummies
  Robin (D:2)
  2 howler monkey zombies (Ossuary)
  11 gnolls
  11 adders
  2 shadow imps (D:6)
  A worm (D:3)
  4 dart slugs
  70 orcs
  8 endoplasms
  2 giant cockroaches (D:2)
  12 hobgoblins
  2 jackals (D:5)
  6 kobolds
  3 quokkas (D:1)
  4 ball pythons
  2 bats (D:1)
  5 frilled lizards
  14 goblins
  6 rats
665 creatures vanquished.

Vanquished Creatures (others)
  An unseen horror (D:11)
  A wolf (Lair:5)
  10 fungi
  14 plants
  5 withered plants (Ossuary)
31 creatures vanquished.

Grand Total: 696 creatures vanquished

Notes
Turn   | Place    | Note
-------+----------+-------------------------------------------
     0 | D:1      | protoss039 the Demonspawn Earth Elementalist began the
                  | quest for the Orb.
     0 | D:1      | Reached XP level 1. HP: 13/13 MP: 3/3
     2 | D:1      | Found a faded altar of an unknown god.
   252 | D:1      | Gained mutation: You are partially covered in rugged brown
                  | scales. (AC +1, +3% HP) [demonic ancestry]
   252 | D:1      | Reached XP level 2. HP: 5/20 MP: 3/5
   608 | D:1      | Reached skill level 1 in Fighting
  1585 | D:1      | Learned a level 2 spell: Passwall
  1594 | D:2      | Gained mutation: You regenerate a little health from kills.
                  | [demonic ancestry]
  1594 | D:2      | Reached XP level 3. HP: 26/26 MP: 6/6
  1743 | D:2      | Reached skill level 1 in Armour
  2041 | D:2      | Noticed Robin
  2057 | D:2      | Reached XP level 4. HP: 32/32 MP: 7/7
  2065 | D:2      | Killed Robin
  2165 | D:2      | Noticed Terence
  2310 | D:3      | Identified the +5 whip "Dragonslayer" {vorpal, rC+}
  3237 | D:2      | Killed Terence
  3238 | D:2      | Gained mutation: Your demonic aura sometimes causes spilled
                  | blood to erupt in flames. [demonic ancestry]
  3238 | D:2      | Reached XP level 5. HP: 33/39 MP: 9/9
  3763 | D:3      | Learned a level 3 spell: Stone Arrow
  3823 | D:4      | Found a broken altar of Ashenzari.
  3905 | D:4      | Found a basalt altar of Yredelemnul.
  3910 | D:4      | Found a blossoming altar of Fedhas.
  3910 | D:4      | Found an opulent altar of Gozag.
  3911 | D:4      | Found a burning altar of Makhleb.
  4095 | D:4      | Reached XP level 6. HP: 37/47 MP: 10/10
  4498 | D:4      | Reached skill level 1 in Conjurations
  4561 | D:4      | Gained mutation: You have sharp fingernails. [demonic
                  | ancestry]
  4561 | D:4      | Reached XP level 7. HP: 53/53 MP: 10/12
  5280 | D:5      | Entered Level 5 of the Dungeon
  5328 | D:5      | Found a sand-covered staircase.
  5340 | Ossuary  | Entered an ossuary
  5616 | Ossuary  | Reached XP level 8. HP: 48/61 MP: 12/14
  5680 | Ossuary  | Reached skill level 5 in Armour
  6078 | Ossuary  | Reached skill level 5 in Earth Magic
  6337 | D:5      | Reached skill level 1 in Transmutations
  6776 | D:6      | Noticed Edmund
  6878 | D:6      | Found a hazy altar of Hepliaklqana.
  7047 | D:6      | Killed Edmund
  7048 | D:6      | Reached XP level 9. HP: 67/67 MP: 5/16
  7207 | D:6      | Reached skill level 5 in Spellcasting
  7391 | D:6      | Reached skill level 5 in Fighting
  7525 | D:6      | Noticed a troll
  7529 | D:6      | Killed a troll
  8398 | D:7      | Found a runed translucent door.
  8399 | D:7      | Noticed Crazy Yiuf
  8577 | D:7      | Found a stormy altar of Qazlal.
  8737 | D:7      | Found a staircase to the Ecumenical Temple.
  8864 | D:7      | Reached skill level 1 in Shields
  9142 | D:7      | Killed Crazy Yiuf
  9192 | D:7      | Reached XP level 10. HP: 78/78 MP: 1/18
  9248 | D:7      | Reached skill level 5 in Conjurations
  9364 | D:7      | Identified the ring of the Hart {+Blink rC+ rCorr Int-2}
  9592 | Temple   | Entered the Ecumenical Temple
 10823 | D:9      | Found an ancient bone altar of Kikubaaqudgha.
 10864 | D:9      | Found a bloodstained altar of Trog.
 10953 | D:9      | Found a staircase to the Lair.
 11666 | D:9      | Found a radiant altar of Vehumet.
 11673 | D:9      | Became a worshipper of Vehumet
 11739 | D:10     | Entered Level 10 of the Dungeon
 11982 | D:10     | Noticed a gargoyle
 11986 | D:10     | Killed a gargoyle
 12148 | D:10     | Reached XP level 11. HP: 85/85 MP: 6/20
 12709 | D:10     | Found a staircase to the Orcish Mines.
 13125 | D:10     | Reached skill level 5 in Shields
 13171 | D:11     | Noticed a six-headed hydra
 13178 | D:11     | Killed a five-headed hydra
 13683 | D:11     | Reached * piety under Vehumet
 13683 | D:11     | Offered knowledge of Freeze by Vehumet.
 13961 | D:11     | Noticed a red ugly thing
 13973 | D:11     | Killed a red ugly thing
 14736 | D:12     | Offered knowledge of Shock by Vehumet.
 14755 | D:12     | Noticed a four-headed hydra
 14765 | D:12     | Killed a one-headed hydra
 14765 | D:12     | Reached ** piety under Vehumet
 14849 | D:12     | Noticed a two-headed ogre
 14851 | D:12     | Noticed a two-headed ogre
 14856 | D:12     | Killed a two-headed ogre
 14856 | D:12     | Noticed a deep elf zephyrmancer
 14859 | D:12     | Noticed a deep elf zephyrmancer
 14860 | D:12     | Killed a two-headed ogre
 14861 | D:12     | Gained mutation: You are mostly covered in rugged brown
                  | scales. (AC +2, +5% HP) [demonic ancestry]
 14861 | D:12     | Reached XP level 12. HP: 76/96 MP: 10/23
 15172 | D:12     | Noticed MrClown's ghost (journeyman DsNe)
 15172 | D:12     | Noticed a blizzard demon
 15244 | D:12     | Found a runed translucent gate.
 15244 | D:12     | Found a runed translucent gate.
 15244 | D:12     | Found a runed translucent gate.
 16247 | Lair:1   | Entered Level 1 of the Lair of Beasts
 16430 | Lair:1   | Noticed a catoblepas
 16439 | Lair:1   | Offered knowledge of Searing Ray by Vehumet.
 16449 | Lair:1   | Killed a catoblepas
 16630 | Lair:1   | Identified the +8 quarterstaff of Wif Gum {vorpal, rPois
                  | Str+3 Dex-4}
 17031 | Lair:1   | Noticed Erica
 17037 | Lair:1   | Killed Erica
 17813 | Lair:2   | You fall into a shaft and drop 1 floor!
 17813 | Lair:3   | Noticed an eight-headed hydra
 17820 | Lair:3   | Killed a six-headed hydra
 17821 | Lair:3   | Reached skill level 1 in Evocations
 18089 | Lair:3   | Reached *** piety under Vehumet
 18355 | Lair:3   | Reached skill level 1 in Throwing
 19031 | Lair:3   | Found a staircase to the Shoals.
 19035 | Lair:3   | Gained mutation: You have very sharp fingernails. [demonic
                  | ancestry]
 19035 | Lair:3   | Reached XP level 13. HP: 89/103 MP: 21/25
 19333 | Lair:3   | Found a hole to the Spider Nest.
 20196 | Lair:4   | Offered knowledge of Iskenderun's Mystic Blast by Vehumet.
 20387 | Lair:4   | Found a viscous altar of Jiyva.
 20394 | Lair:4   | Found a staircase to the Slime Pits.
 21964 | Lair:4   | Learned a level 4 spell: Iskenderun's Mystic Blast
 21967 | Lair:5   | Entered Level 5 of the Lair of Beasts
 22037 | Lair:5   | Noticed Josephine
 22046 | Lair:4   | Killed Josephine
 22549 | Lair:3   | Reached skill level 1 in Translocations
 22818 | Lair:4   | Reached **** piety under Vehumet
 22960 | Lair:4   | Reached skill level 5 in Dodging
 23236 | Lair:5   | Offered knowledge of Freezing Cloud by Vehumet.
 23621 | Lair:4   | Gained mutation: You regenerate health from kills. [demonic
                  | ancestry]
 23621 | Lair:4   | Reached XP level 14. HP: 61/113 MP: 21/27
 24383 | Lair:4   | Learned a level 5 spell: Freezing Cloud
 24720 | Lair:5   | Reached skill level 1 in Ice Magic
 24727 | Lair:5   | Reached ***** piety under Vehumet
 25136 | Lair:4   | Reached skill level 1 in Air Magic
 25669 | Lair:5   | Offered knowledge of Ozocubu's Refrigeration by Vehumet.
 25902 | Lair:5   | Learned a level 7 spell: Ozocubu's Refrigeration
 26104 | Lair:5   | Found a large runed translucent door.
 26105 | Lair:5   | Found a large runed translucent door.
 26324 | Lair:5   | Identified the +2 cloak of Mental Paralysis {Drain rF+
                  | Regen+}
 26658 | Orc:1    | Entered Level 1 of the Orcish Mines
 26683 | Orc:1    | Reached skill level 10 in Fighting
 26802 | Orc:1    | Found a runed translucent door.
 27221 | Orc:1    | Offered knowledge of Lightning Bolt by Vehumet.
 27479 | Orc:1    | Learned a level 5 spell: Lightning Bolt
 27480 | Orc:2    | Entered Level 2 of the Orcish Mines
 27512 | Orc:2    | Found a staircase to the Elven Halls.
 27514 | Orc:2    | Found Pirub's Antique Armour Emporium.
 27550 | Orc:2    | Bought a slimy leather armour for 294 gold pieces
 27550 | Orc:2    | Identified the +1 leather armour of Polish {Rampage rPois
                  | rC+ Stlth+} (You bought it in a shop on level 2 of the
                  | Orcish Mines)
 27550 | Orc:2    | Bought a pair of shimmering boots for 399 gold pieces
 27550 | Orc:2    | Identified the +2 pair of boots of Ereppy {Rampage rN+
                  | Will- Str+2} (You bought it in a shop on level 2 of the
                  | Orcish Mines)
 27583 | Orc:2    | Found Vybasukh's Armour Shoppe.
 27651 | Orc:2    | Bought a +3 leather armour of willpower for 264 gold pieces
 27813 | Orc:2    | Reached skill level 5 in Stealth
 27903 | Orc:2    | Reached XP level 15. HP: 120/120 MP: 19/28
 27932 | Orc:2    | Found Etha's Antique Weapon Shop.
 28102 | Orc:2    | Reached skill level 10 in Armour
 28162 | Orc:2    | Found Buvod's Antique Weapon Shop.
 28163 | Orc:2    | Bought a fading spear for 280 gold pieces
 28163 | Orc:2    | Identified the +7 spear of the Final Places {freeze, Drain
                  | Will+ Int+9 Stlth+} (You bought it in a shop on level 2 of
                  | the Orcish Mines)
 28167 | Orc:2    | Found Syasch's Book Shop.
 28171 | Orc:2    | Found Zyahyosi's Book Emporium.
 28186 | Orc:2    | Found Pauvvoc's Antique Weapon Boutique.
 28365 | Orc:2    | Bought Great Wizards, Vol. II for 494 gold pieces
 28372 | Orc:2    | Learned a level 5 spell: Borgnjor's Vile Clutch
 28379 | Orc:2    | Bought a book of Minor Magic for 216 gold pieces
 28384 | Orc:2    | Learned a level 3 spell: Mephitic Cloud
 28783 | D:13     | Found a gate to the Vaults.
 28854 | D:13     | Reached skill level 10 in Spellcasting
 28854 | D:13     | Reached skill level 1 in Necromancy
 28913 | D:13     | Reached skill level 1 in Poison Magic
 29905 | D:14     | Found Exkiletu's General Store.
 30092 | D:14     | Killed from afar by an eidolon

Illustrated notes

Levels and vault maps discovered:
D:1:      dpeg_arrival_tiny_d, layout_loops_ring,
          ebering_ecumenical_altar_abandoned, serial_co_window_serial,
          co_window_corner_a, co_window_paths_b, co_window_paths_b,
          co_window_corner_a, co_window_paths_a, co_window_corner_b,
          co_window_corner_b, co_window_unsneaky_path_a, co_window_4corner_a,
          glass_columns_a, minmay_stone_trees_small
D:2:      layout_loops_ring, uniq_robin, uniq_terence
D:3:      layout_loops_ring
D:4:      layout_layer_cave, grunt_temple_overflow_open
D:5:      layout_rooms, gup_ossuary_entry_pyramid
D:6:      minmay_thick_lines, layout_basic, mainiacjoe_overflow_paths,
          uniq_edmund
D:7:      kennysheep_windowed_halls, layout_loops_ring,
          mainiacjoe_overflow_small_starburst, uniq_crazy_yiuf_cottage
D:8:      layout_basic, fungi_pond_lemuel
D:9:      layout_basic, lemuel_coloured_pillars_altar, trog_butcher_becter,
          vehumet_statue
D:10:     wander_river, layout_stronghold, david_orc_4,
          kennysheep_generic_room_16
D:11:     layout_roguey
D:12:     layout_basic, gammafunk_ghost_icy, gauntlet_entry_generic,
          elves_outpost_lemuel
D:13:     layout_long_grid, david_vaults_2
D:14:     hangedman_screamer, layout_long_grid, hangedman_decor_peaks_small,
          nicolae_inconvenience_store, dreamdust_deal_with_the_devil,
          fake_guardian_serpent_vault
Temple:   nicolae_temple_ecumenical_triangle
Lair:1:   layout_cave_pods, uniq_erica
Lair:2:   layout_chaotic_city, evilmike_ambush [evilmike_ambush_outer_basic,
          evilmike_ambush_inner_pond]
Lair:3:   layout_cave_pods, minmay_shoals_entry_hut,
          spider_nest_entry_web_field, chequers_serial_rivers_micro_a
Lair:4:   layout_cave_pods, slime_entry_1
Lair:5:   cheibrodos_lair_end_hotspot, layout_regular_city,
          nicolae_quartered_pool_little, kilobyte_rumbling_trees, uniq_josephine
Orc:1:    cheibrodos_orc_arena, layout_caves, lightli_church_of_beogh
Orc:2:    st_orc_open, layout_diamond_mine, serial_shops, shop, shop_fountains,
          shop_fountains

Skill      XL: |  1  2  3  4  5  6  7  8  9 10 11 12 13 14 15 |
---------------+----------------------------------------------+-----
Fighting       | 1 2 3 4 5 6 7 8 9 10 | 10.6
Earth Magic    | 3 4 5 6 7 8 9 |  9.5
Armour         | 1 2 3 4 6 7 8 9 10 | 10.1
Spellcasting   | 3 4 5 6 7 8 9 10 | 10.1
Conjurations   | 1 2 3 4 5 7 8 9 |  9.3
Transmutations | 1 2 3 4 |  4.0
Dodging        | 2 3 5 6 |  6.0
Stealth        | 2 3 5 |  5.6
Shields        | 2 4 6 8 9 |  9.4
Evocations     | 2 3 4 |  4.8
Throwing       | 1 3 |  3.0
Translocations | 2 4 |  4.8
Ice Magic      | 3 |  3.0
Air Magic      | 2 3 |  3.0
Necromancy     | 2 |  2.2
Poison Magic   | 1 |  1.8

Action                   |  1- 3 |  4- 6 |  7- 9 | 10-12 | 13-15 || total
-------------------------+-------+-------+-------+-------+-------++-------
Melee: War axe           |    31 |    63 |       |       |       ||    94
       Club              |     2 |       |       |       |       ||     2
       Dagger            |       |    68 |    87 |   149 |   168 ||   472
       Whip              |       |     3 |    97 |     9 |    34 ||   143
       Punch             |       |     1 |     4 |       |       ||     5
       Hand axe          |       |       |       |    20 |       ||    20
       Broad axe         |       |       |       |       |    18 ||    18
 Cast: Sandblast         |    43 |    27 |   176 |   144 |   164 ||   554
       Passwall          |       |     1 |       |     8 |     5 ||    14
       Stone Arrow       |       |       |    35 |   280 |   386 ||   701
       Iskenderun's Myst |       |       |       |       |    65 ||    65
       Freezing Cloud    |       |       |       |       |    44 ||    44
       Lightning Bolt    |       |       |       |       |     1 ||     1
       Mephitic Cloud    |       |       |       |       |     7 ||     7
Evoke: Wand              |       |     1 |     2 |     2 |    11 ||    16
  Use: Scroll            |       |     3 |     6 |     9 |    14 ||    32
       Potion            |       |     1 |       |     4 |     4 ||     9
 Stab: Sleeping          |     1 |       |       |     1 |     1 ||     3
       Distracted        |       |       |     1 |       |       ||     1
       Invisible         |       |       |       |     5 |     3 ||     8
       Petrified         |       |       |       |     7 |       ||     7
       Confused          |       |       |       |       |     3 ||     3
Armor: Ring mail         |    34 |    71 |   198 |   219 |   203 ||   725
       Robe              |       |       |       |       |    10 ||    10
       Leather armour    |       |       |       |       |    81 ||    81
Dodge: Dodged            |    34 |    75 |   232 |   235 |   281 ||   857
Block: Kite shield       |       |       |    13 |   202 |   430 ||   645
